 Dungeon Crawl Stone Soup version 0.26-a0-180-ge96aa7da28 (webtiles) character file.

Game seed: 10486695358003585067

13359 Flugslaktarn the Frost Mage (level 12, -25/63 HPs)
             Began as a Vine Stalker Ice Elementalist on July 3, 2020.
             Was an Elder of Cheibriados.
             Killed from afar by an orc sorcerer (30 damage)
             ... with a bolt of fire
             ... on level 1 of the Orcish Mines.
             The game lasted 00:24:46 (3362 turns).

Flugslaktarn the Frost Mage (VSIE)                  Turns: 3362, Time: 00:24:47

Health: -25/63     AC: 12    Str: 25    XL:     12   Next: 5%
Magic:  0/31       EV: 18    Int: 30    God:    Cheibriados [****..]
Gold:   479        SH:  0    Dex: 25    Spells: 10/23 levels left

rFire    . . .     SeeInvis +   F - +6 morningstar (holy)
rCold    . . .     Faith    .   (no shield)
rNeg     . . .     Spirit   +   J - +0 troll leather armour
rPois    .         Reflect  .   I - +3 crown of Dyrovepreva {rElec Int+2 SInv}
rElec    +         Harm     .   (no cloak)
rCorr    .                      (no gloves)
MR       +....                  j - +0 pair of boots
Stlth    ++........             (no amulet)
HPRegen  1.40/turn              g - +4 ring of protection
MPRegen  0.22/turn              G - ring of the Genius {MP+9 Str+5}

@: drained, very slow
A: fangs 3, regeneration 2, magic shield, antimagic bite, no potion heal 3, rot
immunity
a: Bend Time, Temporal Distortion, Slouch, Renounce Religion


You were on level 1 of the Orcish Mines.
You worshipped Cheibriados.
Cheibriados was greatly pleased with you.
You were not hungry.

You visited 3 branches of the dungeon, and saw 13 of its levels.

You collected 479 gold pieces.

Inventory:

Hand Weapons
 e - a +2 vorpal mace
   (You found it on level 1 of the Dungeon)
 F - a +6 morningstar of holy wrath (weapon)
   (You took it off an orc warrior on level 10 of the Dungeon)
Missiles
 b - 7 javelins (quivered)
 u - 158 arrows
 z - a throwing net
Armour
 a - a +0 robe
 d - a +0 leather armour of fire resistance
   (You found it on level 1 of the Dungeon)
 j - a +0 pair of boots (worn)
   (You found it on level 9 of the Dungeon)
 x - a +2 helmet of intelligence
   (You found it on level 5 of the Dungeon)
 I - the +3 crown of Dyrovepreva (worn) {rElec Int+2 SInv}
   (You found it on level 10 of the Dungeon)

   It affects your intelligence (+2).
   It insulates you from electricity.
   It lets you see invisible.
 J - a +0 troll leather armour (worn)
   (You found it on level 10 of the Dungeon)
Jewellery
 g - a +4 ring of protection (left hand)
   (You found it on level 2 of the Dungeon)
 h - a +6 ring of strength
   (You found it on level 1 of the Dungeon)
 q - a +6 ring of dexterity
   (You found it on level 4 of the Dungeon)
 E - the ring of the Distant Future {Wiz rC+}
   (You took it off a centaur warrior on level 10 of the Dungeon)

   [ring of wizardry]

   It improves your spell success rate.
   It protects you from cold.
 G - the ring of the Genius (right hand) {MP+9 Str+5}
   (You found it on level 10 of the Dungeon)

   [ring of magical power]

   It affects your strength (+5).
   It affects your magic capacity (+9).
Scrolls
 i - a scroll of teleportation {unknown}
 m - 3 scrolls of fear
 n - a scroll of enchant weapon {unknown}
 p - a scroll of summoning {unknown}
 t - 7 scrolls of remove curse
 v - a scroll of fog {unknown}
 w - a scroll of immolation {unknown}
 y - a scroll of magic mapping {unknown}
 A - a scroll of blinking {unknown}
 C - a scroll of vulnerability {unknown}
Potions
 f - 2 potions of cancellation
 k - 3 potions of might
 l - 2 potions of mutation
 o - a potion of curing
 r - a potion of magic
 s - 3 potions of flight
 B - a potion of lignification {unknown}
Miscellaneous
 D - a tin of tremorstones (inert)
   (You found it on level 10 of the Dungeon)
 H - 2 phantom mirrors
Comestibles
 c - 12 rations


   Skills:
 + Level 7.2(6.5) Fighting
 + Level 7.0(6.4) Dodging
 - Level 2.4(1.8) Stealth
 - Level 6.0(5.3) Spellcasting
 - Level 6.0(5.3) Summonings
 - Level 9.0(8.3) Ice Magic
 - Level 3.0(2.4) Air Magic
 - Level 8.0(7.3) Invocations
 - Level 5.0(4.4) Evocations


You had 10 spell levels left.
You knew the following spells:

 Your Spells              Type           Power        Failure   Level  Hunger
a - Freeze                Ice            ####         1%          1    None
b - Frozen Ramparts       Ice            ######       1%          3    None
c - Summon Lightning Spi  Summ/Air       ####....     13%         4    ###....
d - Summon Ice Beast      Ice/Summ       #####...     3%          4    ###....
q - Apportation           Tloc           #.....       6%          1    None

Your spell library contained the following spells:

 Spells                   Type           Power        Failure   Level  Hunger
 Summon Small Mammal      Summ           ####         1%          1    None
 Call Imp                 Summ           #####...     1%          2    None
 Call Canine Familiar     Summ           #####...     2%          3    None
 Ozocubu's Armour         Chrm/Ice       ####....     3%          3    None
 Animate Skeleton         Necr           N/A          6%          1    None
 Corona                   Hex            #......      6%          1    None
 Magic Dart               Conj           #...         6%          1    None
 Summon Guardian Golem    Hex/Summ       ###.....     6%          3    None
 Searing Ray              Conj           #.....       10%         2    None
 Hailstorm                Conj/Ice       ####....     12%         4    ###....
 Dazzling Flash           Conj/Hex       #.....       19%         3    None
 Fulminant Prism          Conj/Hex       #.........   54%         4    ###....
 Iskenderun's Mystic Bla  Conj/Tloc      #.......     54%         4    ###....


Dungeon Overview and Level Annotations

Branches:
Dungeon (11/15)            Temple (1/1) D:6            Lair (0/6) D:9
    Orc (1/2) D:11

Altars:
Ashenzari
Cheibriados
Dithmenos
Elyvilon
Gozag
Kikubaaqudgha
Makhleb
Nemelex Xobeh
Okawaru
Ru
Sif Muna
Uskayaw
Vehumet
Xom
Zin
The Shining One

Shops:
D:5 [

Annotations:
D:10 2 runed translucent doors


Innate Abilities, Weirdness & Mutations

You have razor-sharp teeth.
You heal very quickly.
When hurt, damage is shared between your health and your magic reserves.
Your bite disrupts and absorbs the magic of your enemies.
Potions cannot restore your health.
You are immune to rotting.


Message History

The orc warrior hits you with a +0 mace!
* * * LOW HITPOINT WARNING * * *
The orc sorcerer hits you but does no damage.
The orc misses you.
You closely miss the orc sorcerer. Your bite misses the orc sorcerer.
The orc sorcerer is severely wounded.
The orc warrior misses you.
The orc sorcerer casts a spell.
The orc hits you but does no damage. The orc warrior barely misses you.
The orc sorcerer barely misses you.
You closely miss the orc sorcerer. You bite the orc sorcerer.
The orc sorcerer's magic leaks into the air.
You drain its magic.
You feel invigorated.
The orc sorcerer is severely wounded.
Your lightning spire disappears in a puff of smoke!
The orc misses you.
The orc sorcerer hits you with a cursed +0 dagger.
* * * LOW HITPOINT WARNING * * *
The orc completely misses you. The orc warrior barely misses you.
Unknown command.
Unknown command.
Evoke which item? (* to show all) (? for menu, Esc to quit)
The tremorstone explodes into fragments!
The burst of rock shards engulfs the ice devil!
The burst of rock shards engulfs the orc sorcerer.
The burst of rock shards engulfs the ice devil.
You hear a shout! x3
The orc sorcerer grunts loudly.
The orc sorcerer hits you with a cursed +0 dagger.
* * * LOW HITPOINT WARNING * * *
The orc closely misses you. The orc warrior barely misses you.
Okay, then.
Unknown command.
Press: ? - help, v - describe, . - travel
Here: an orc sorcerer, wielding a +0 dagger and wearing a +2 robe of fire resistance (almost dead)
The floor, spattered with blood.
Unknown command.
Unknown command.
Evoke which item? (* to show all) (? for menu, Esc to quit)
The tremorstone explodes into fragments!
The burst of rock shards engulfs the ice devil.
The burst of rock shards engulfs the orc sorcerer but does no damage.
The burst of rock shards engulfs the ice devil but does no damage.
The burst of rock shards engulfs you!
* * * LOW HITPOINT WARNING * * *
The tin is emptied!
You hear a howl!
You hear a shout!
The orc sorcerer gestures at you while chanting.
The bolt of fire hits you!!
You die...

### ##..##
#....#
##$...####
##.....#..##
#.......)@o#
#.......#o4##
.#.....)))o..##
.......<).)...#
.......)†)...##
.......)......#
......##.......#
....## ##.....)#
.... .......).


You could see an ice devil (summoned), an orc sorcerer, an orc warrior and an
orc.

Vanquished Creatures
  An ettin (Orc:1)
  An ogre mage (D:10)
  Harold (D:8)
  Erolcha (D:10)
  A centaur warrior (D:10)
  An unseen horror (D:10)
  Joseph (D:10)
  A gargoyle (D:10)
  Psyche (D:10)
  A queen bee (D:8)
  4 trolls
  A hornet (D:11)
  A hippogriff (D:10)
  3 wraiths (D:10)
  A hungry ghost (D:10)
  A warg (Orc:1)
  3 ice beasts
  3 sky beasts
  5 ogres
  4 orc warriors
  4 black bears
  2 phantoms
  2 centaurs
  A crocodile (D:8)
  3 bullfrogs
  A nameless horror (D:10)
  A big kobold (D:9)
  A scorpion (D:9)
  14 killer bees (D:8)
  7 wights
  An electric eel (D:8)
  2 bullfrog zombies
  2 centaur zombies (D:10)
  2 bullfrog skeletons
  7 hounds
  2 jellies
  3 orc priests
  4 iguanas
  6 worker ants
  10 orc wizards
  A howler monkey zombie (D:6)
  11 adders
  A howler monkey skeleton (D:8)
  2 shadow imps
  An ufetubus (D:8)
  2 oozes
  A worm (D:4)
  2 dart slugs (D:1)
  2 leopard geckos
  17 orcs
  A giant cockroach (D:4)
  5 goblins
  4 hobgoblins
  15 jackals
  7 kobolds
  2 quokkas
  A ball python (D:5)
  6 bats
  2 frilled lizards (D:1)
  A giant cockroach zombie (D:5)
  3 quokka skeletons
  4 rats
202 creatures vanquished.

Vanquished Creatures (collateral kills)
  Josephine (D:10)
  Nergalle (Orc:1)
  A cyclops (D:11)
  An orc sorcerer (Orc:1)
  A wraith (D:10)
  A wyvern (D:8)
  2 black bears
  An ogre (D:9)
  A big kobold (D:9)
  A wight (D:9)
  3 howler monkeys (D:9)
  An orc wizard (Orc:1)
  A centaur skeleton (D:10)
  A worker ant (D:9)
  An orc (Orc:1)
  6 kobolds (D:9)
24 creatures vanquished.

Vanquished Creatures (others)
  An orc wizard (D:5)
  A giant cockroach (D:5)
2 creatures vanquished.

Grand Total: 228 creatures vanquished

Notes
Turn   | Place    | Note
-------+----------+-------------------------------------------
     0 | D:1      | Flugslaktarn the Vine Stalker Ice Elementalist began the
                  | quest for the Orb.
     0 | D:1      | Reached XP level 1. HP: 9/9 MP: 4/4
    62 | D:1      | Reached XP level 2. HP: 8/13 MP: 1/6
   210 | D:1      | Reached XP level 3. HP: 15/16 MP: 8/8
   297 | D:3      | Learned a level 3 spell: Frozen Ramparts
   377 | D:3      | Found an iron altar of Okawaru.
   399 | D:3      | Reached skill level 5 in Ice Magic
   399 | D:3      | Gained mutation: Your natural rate of healing is unusually
                  | fast. [Vine Stalker growth]
   399 | D:3      | Reached XP level 4. HP: 21/21 MP: 5/9
   471 | D:2      | Found a radiant altar of Vehumet.
   541 | D:2      | Found an iron altar of Okawaru.
   543 | D:2      | Found an ancient bone altar of Kikubaaqudgha.
   655 | D:4      | Reached XP level 5. HP: 20/24 MP: 4/11
   901 | D:5      | Entered Level 5 of the Dungeon
   917 | D:5      | Reached skill level 6 in Ice Magic
   989 | D:5      | Reached XP level 6. HP: 27/28 MP: 6/12
  1072 | D:5      | Found a shimmering altar of Xom.
  1081 | D:5      | Noticed an ice beast
  1133 | D:5      | Killed an ice beast
  1133 | D:5      | Reached skill level 7 in Ice Magic
  1133 | D:5      | Reached XP level 7. HP: 4/32 MP: 4/14
  1162 | D:5      | Learned a level 4 spell: Summon Ice Beast
  1200 | D:5      | Found a sparkling altar of Nemelex Xobeh.
  1213 | D:5      | Reached skill level 8 in Ice Magic
  1260 | D:5      | Found Tedaufam's Antique Armour Shoppe.
  1296 | D:6      | Reached skill level 1 in Fighting
  1296 | D:6      | Reached skill level 1 in Summonings
  1362 | D:6      | Gained mutation: You have razor-sharp teeth. [Vine Stalker
                  | growth]
  1362 | D:6      | Reached XP level 8. HP: 37/37 MP: 11/15
  1403 | D:6      | Found a staircase to the Ecumenical Temple.
  1424 | Temple   | Entered the Ecumenical Temple
  1444 | Temple   | Became a worshipper of Cheibriados the Contemplative
  1503 | D:6      | Reached skill level 5 in Spellcasting
  1614 | D:8      | Noticed Harold
  1641 | D:8      | Killed Harold
  1641 | D:8      | Reached skill level 9 in Ice Magic
  1641 | D:8      | Reached XP level 9. HP: 18/45 MP: 5/17
  1787 | D:8      | Reached skill level 5 in Summonings
  1885 | D:8      | Reached * piety under Cheibriados
  2074 | D:8      | Reached skill level 5 in Fighting
  2074 | D:8      | Reached skill level 5 in Dodging
  2142 | D:8      | Noticed a queen bee
  2155 | D:8      | Reached XP level 10. HP: 45/51 MP: 13/18
  2177 | D:8      | Reached ** piety under Cheibriados
  2281 | D:9      | Learned a level 1 spell: Apportation
  2286 | D:9      | Learned a level 4 spell: Summon Lightning Spire
  2289 | D:9      | Reached skill level 1 in Invocations
  2342 | D:9      | cmon
  2364 | D:9      | Found a staircase to the Lair.
  2387 | D:9      | Found an opulent altar of Gozag.
  2461 | D:9      | Reached skill level 1 in Air Magic
  2523 | D:9      | Found a white marble altar of Elyvilon.
  2540 | D:10     | Entered Level 10 of the Dungeon
  2567 | D:10     | Reached *** piety under Cheibriados
  2676 | D:10     | Found a runed translucent door.
  2676 | D:10     | Found a runed translucent door.
  2676 | D:10     | Noticed a cyan ugly thing
  2676 | D:10     | Noticed a deep elf mage
  2676 | D:10     | Noticed a four-headed hydra
  2677 | D:10     | Noticed an ogre mage
  2703 | D:10     | Noticed a gargoyle
  2704 | D:10     | Killed an unseen horror
  2704 | D:10     | Reached skill level 1 in Evocations
  2708 | D:10     | Paralysed by an ogre mage for 3 turns
  2713 | D:10     | Killed an ogre mage
  2717 | D:10     | Reached XP level 11. HP: 40/56 MP: 12/21
  2723 | D:10     | HP: 2/56 [gargoyle/+0 mace (7)]
  2756 | D:10     | Identified the ring of the Distant Future {Wiz rC+}
  2756 | D:10     | Noticed a centaur warrior
  2763 | D:10     | Killed a centaur warrior
  2763 | D:10     | Reached skill level 5 in Invocations
  2776 | D:10     | Found the +3 crown of Dyrovepreva {rElec Int+2 SInv}
  2777 | D:10     | Got a crude pewter ring
  2796 | D:10     | Identified the ring of the Genius {MP+9 Str+5} (You found
                  | it on level 10 of the Dungeon)
  2897 | D:10     | Noticed Josephine
  2905 | D:10     | Killed Josephine
  2937 | D:10     | Noticed Joseph
  2949 | D:10     | Killed Joseph
  2949 | D:10     | Reached skill level 5 in Evocations
  2984 | D:10     | Noticed Psyche
  2991 | D:10     | Killed Psyche
  2992 | D:10     | Reached **** piety under Cheibriados
  3040 | D:10     | Noticed Erolcha
  3050 | D:10     | Killed Erolcha
  3236 | D:11     | Noticed a cyclops
  3246 | D:11     | Killed a cyclops
  3276 | D:11     | Paralysed by a hornet for 1 turns
  3312 | D:11     | Found a staircase to the Orcish Mines.
  3320 | Orc:1    | Entered Level 1 of the Orcish Mines
  3320 | Orc:1    | Noticed Nergalle
  3327 | Orc:1    | Killed Nergalle
  3328 | Orc:1    | Noticed an ettin
  3333 | Orc:1    | Killed an ettin
  3333 | Orc:1    | Gained mutation: You heal very quickly. [Vine Stalker
                  | growth]
  3333 | Orc:1    | Reached XP level 12. HP: 37/63 MP: 4/22
  3362 | Orc:1    | Killed from afar by an orc sorcerer

Illustrated notes

... ....................
.z. ...=..............##
.z ...................#
#.# .....)))..(......# ..
...?.†))..(......# .#
.....z#z...†.....# .###
#..... #..)((.....# .<.###
#...####.########.#
.....###.#......@..# #.#
.........#.........# #.#
.[.................# #.#
.........#.........# ##.#
............####...# #..#
..........)........####.##
........##)#.......##...#
..(.....##(#.......##.####
.<........)†.............#


Turn 2342 on D:9: cmon

Levels and vault maps discovered:
D:1:      lightli_iron_boxes, layout_basic, grunt_decor_cap
D:2:      lemuel_upstairs_altar, layout_basic,
          chequers_temple_overflow_statue_of_worship, lemuel_doored_altar
D:3:      layout_basic, okawaru_trees_1
D:4:      layout_basic, first_ration, hangedman_abyss_or_decor_passed
D:5:      layout_basic, nicolae_overflow_crystal_walls, serial_shops, shop,
          xom_confusion_cloud
D:6:      layout_basic, temple_fountains, chequers_serial_rivers_micro_b,
          uniq_eustachio
D:7:      layout_loops_ring, lemuel_round_altar, kennysheep_generic_room_2
D:8:      layout_basic, david_nohive_1, uniq_harold
D:9:      layout_rooms, elyvilon_altar_4, lair_entry_dummy,
          nicolae_gozag_seed_capital
D:10:     minmay_the_grid_triangle_9x9_rhombus_thin
          [minmay_the_grid_triangle_9x9_corruption,
          minmay_the_grid_triangle_9x9_prize_schism,
          minmay_the_grid_triangle_9x9_impossible_snake,
          minmay_the_grid_triangle_9x9_tough_junction], layout_basic,
          uniq_joseph, uniq_psyche, uniq_erolcha, uniq_josephine
D:11:     layout_loops_corners, orc_0_dummy, lemuel_statue_altar
Temple:   eino_temple_rhombus
Orc:1:    layout_diamond_mine, serial_shops,
          nicolae_shop_temple_entry_statues_fountains,
          nicolae_orc_flooded_monolith, uniq_nergalle

Skill      XL: |  1  2  3  4  5  6  7  8  9 10 11 12 |
---------------+-------------------------------------+-----
Spellcasting   | 3 4 5 6 |  6.0
Ice Magic      | 5 6 7 8 9 |  9.0
Fighting       | 1 3 5 6 7 |  7.2
Dodging        | 2 4 5 6 7 |  7.0
Summonings     | 1 4 5 6 |  6.0
Invocations    | 4 8 |  8.0
Air Magic      | 3 |  3.0
Evocations     | 3 5 |  5.0
Stealth        | |  2.4

Action                   |  1- 3 |  4- 6 |  7- 9 | 10-12 || total
-------------------------+-------+-------+-------+-------++-------
Melee: Unarmed           |     9 |       |       |       ||     9
       Bite              |     3 |    13 |    55 |    71 ||   142
       Mace              |     7 |    52 |   135 |    75 ||   269
       Morningstar       |       |       |       |    59 ||    59
Throw: Javelin           |       |       |       |     1 ||     1
 Cast: Freeze            |    12 |     3 |     3 |       ||    18
       Frozen Ramparts   |     3 |    14 |    22 |    30 ||    69
       Summon Ice Beast  |       |       |     5 |    19 ||    24
       Summon Lightning  |       |       |       |    12 ||    12
Invok: Slouch            |       |       |       |     2 ||     2
Evoke: Tin of tremorston |       |       |       |     3 ||     3
  Use: Scroll            |       |       |    10 |     1 ||    11
 Stab: Sleeping          |     1 |     1 |     2 |     1 ||     5
       Distracted        |       |       |       |     2 ||     2
  Eat: Ration            |       |     1 |     1 |     2 ||     4
       Chunk             |       |       |       |     1 ||     1
Armor: Leather armour    |     2 |    27 |    64 |    53 ||   146
       Troll leather arm |       |       |       |    15 ||    15
Dodge: Dodged            |    13 |    64 |   136 |   247 ||   460

Table legend:
 A = Non-vault XP
 B = Vault XP
 C = Vault XP percentage of total XP
 D = Non-vault monster count
 E = Vault monster count
 F = Vault count percentage of total count
                 A         B        C        D         E       F
            +---------+---------+-------+---------+---------+-------
      Total |    9700 |    9385 |  49.2 |     188 |      37 |  16.4
            +---------+---------+-------+---------+---------+-------
        D:1 |      25 |       0 |   0.0 |      13 |       0 |   0.0
        D:2 |      29 |       0 |   0.0 |       4 |       0 |   0.0
        D:3 |     105 |       0 |   0.0 |      18 |       0 |   0.0
        D:4 |      70 |       0 |   0.0 |      11 |       0 |   0.0
        D:5 |     565 |     133 |  19.1 |      21 |       2 |   8.7
        D:6 |    1037 |       0 |   0.0 |      22 |       0 |   0.0
        D:7 |      46 |       0 |   0.0 |       3 |       0 |   0.0
        D:8 |    1591 |    2173 |  57.7 |      24 |      16 |  40.0
        D:9 |     697 |       0 |   0.0 |      24 |       0 |   0.0
       D:10 |    2452 |    6571 |  72.8 |      24 |      18 |  42.9
       D:11 |     724 |       0 |   0.0 |       8 |       0 |   0.0
      Orc:1 |    2359 |     508 |  17.7 |      16 |       1 |   5.9
            +---------+---------+-------+---------+---------+-------
